 Dungeon Crawl Stone Soup version 0.22-b1-21-g5cfc1688f2 (webtiles) character file.

2359 Jorund the Geomancer (level 9, -1/51 HPs)
             Began as an Octopode Earth Elementalist on Aug 7, 2018.
             Was an Initiate of Vehumet.
             Killed from afar by Harold (9 damage)
             ... with a harpoon shot
             ... on level 7 of the Dungeon.
             The game lasted 00:20:53 (7028 turns).

Jorund the Geomancer (Octopode Earth Elementalist)  Turns: 7028, Time: 00:20:53

Health: -1/51      AC:  1    Str:  8    XL:     9   Next: 44%
Magic:  13/21      EV: 13    Int: 20    God:    Vehumet [......]
Gold:   449        SH:  0    Dex: 12    Spells: 10/25 levels left

rFire    . . .     SeeInvis +   B - staff of wizardry
rCold    . . .     Gourm    .   (no shield)
rNeg     . . .     Faith    .   (helmet restricted)
rPois    .         Spirit   .   r - amulet of rage
rElec    .         Reflect  .   n - ring of stealth
rCorr    +         Harm     .   A - ring of see invisible
MR       .....                  G - ring of resist corrosion (curse)
Stlth    ++++......             (no ring)
HPRegen  0.17/turn              (no ring)
MPRegen  0.17/turn              (no ring)
                                (no ring)
                                (no ring)

@: drained
A: almost no armour, stealthy swim, amphibious, 8 rings, constrict 8, camouflage
1, gelatinous body 1
a: Renounce Religion, Evoke Berserk Rage


You were on level 7 of the Dungeon.
You worshipped Vehumet.
Vehumet was noncommittal.
You were not hungry.

You visited 2 branches of the dungeon, and saw 8 of its levels.
You also visited: Sewer and Ossuary.

You collected 449 gold pieces.

Inventory:

Hand Weapons
 d - a +0 short sword
 m - a +3 trident of freezing
 u - a +0 blowgun
Missiles
 b - 69 stones (quivered)
 l - 5 needles of sleeping
 y - 26 poisoned needles
Magical Staves
 s - an uncursed staff of cold
 B - an uncursed staff of wizardry (weapon)
Jewellery
 n - a ring of stealth (left tentacle)
 r - an amulet of rage (around mantle)
 A - a ring of see invisible (right tentacle)
 C - an uncursed ring of teleportation
 G - a cursed ring of resist corrosion (on tentacle)
 H - an uncursed ring of fire
Wands
 f - a wand of disintegration (18)
 E - a wand of paralysis (13)
 F - a wand of random effects (66)
Scrolls
 a - 11 scrolls of teleportation
 g - a scroll of remove curse
 h - 2 scrolls of enchant armour
 q - 3 scrolls of magic mapping
 D - a scroll of fear
Potions
 e - 5 potions of invisibility
 i - 2 potions of berserk rage
 j - 2 potions of lignification
 k - a potion of cancellation
 o - 3 potions of magic
 p - 3 potions of brilliance
 t - a potion of ambrosia {unknown}
 v - 3 potions of curing {unknown}
 w - 3 potions of haste {unknown}
 x - 6 potions of heal wounds
 z - 5 potions of flight {unknown}
Comestibles
 c - 9 rations


   Skills:
 - Level 0.4(0.2) Short Blades
 - Level 2.0(1.7) Dodging
 - Level 2.6(2.4) Stealth
 + Level 8.5(8.3) Spellcasting
 + Level 1.0(0.8) Conjurations
 - Level 1.0(0.8) Transmutations
 + Level 8.9(8.6) Earth Magic
 - Level 0.1(0.0) Evocations


You had 10 spell levels left.
You knew the following spells:

 Your Spells              Type           Power        Failure   Level  Hunger
a - Sandblast             Erth           #####.       1%          1    None
b - Passwall              Tmut/Erth      ####....     1%          2    None
c - Stone Arrow           Conj/Erth      ####..       1%          3    None
d - Lee's Rapid Deconstr  Erth           #####.....   2%          5    #####..
e - Petrify               Tmut/Erth      ####....     4%          4    ###....

Your spell library contained the following spells:

 Spells                   Type           Power        Failure   Level  Hunger
 Apportation              Tloc           #.....       3%          1    None
 Summon Small Mammal      Summ           #...         3%          1    None
 Animate Skeleton         Necr           N/A          3%          1    None
 Confusing Touch          Hex            #.....       3%          1    None


Dungeon Overview and Level Annotations

Branches:
Dungeon (7/15)             Temple (1/1) D:7

Altars:
Ashenzari
Cheibriados
Dithmenos
Gozag
Kikubaaqudgha
Nemelex Xobeh
Okawaru
Qazlal
Ru
Sif Muna
Uskayaw
Vehumet
Wu Jian
Xom
Yredelemnul
The Shining One

Annotations:
D:2 Crazy Yiuf
D:5 Pikel
D:6 1 runed door, Futsog's ghost, novice OpFE
D:7 Harold


Innate Abilities, Weirdness & Mutations

You cannot wear most types of armour.
You are very stealthy in the water. (Stealth+)
You are amphibious.
You can wear up to eight rings at the same time.
You can use your tentacles to constrict eight enemies at once.
Your skin changes colour to match your surroundings (Stealth+).
Your rubbery body absorbs attacks. (AC +1, EV +1)


Message History

The blast of sand hits Harold.
Harold is moderately wounded.
b - 69 stones Harold hits you from afar with a trident!
There is an open door here.
Casting: Sandblast (safe; 1% risk of failure)
Confirm with . or Enter, or press ? or * to list all spells.
Okay, then.
Casting: Sandblast (safe; 1% risk of failure)
Confirm with . or Enter, or press ? or * to list all spells.
Aiming: Petrify (safe; 4% risk of failure)
Press: ? - help, Shift-Dir - straight line, f/p - Harold
Aim: Harold, wielding a trident and wearing a scale mail (moderately wounded, chance to defeat MR: 23%) Harold resists with almost no effort.
The iguana hisses angrily.
Harold hits you from afar with a trident!
* * * LOW HITPOINT WARNING * * *
Harold points at you and mumbles some strange words.
The harpoon shot hits you!
You die...

...........'.........'.z...Z.#
##.##...##)#..l......####....#
#l##..###.##.......## ##.#.#
#.........###.....## ###.#
#.........# ##...## #.#
####.###### ##@## #.# #.# #.#
#.# #.# #.# #.# #.# ##@## #.#
#.# ##...## #.# ####.#####
#.....#########.# #........#
##).............# #.##.###.###
##...###########
#.##(......####..##
#.######.#.......#
#......<.######.## ##########
#)#


You could see Harold and an iguana.

Vanquished Creatures
  Sigmund (D:2)
  Menkaure (Ossuary)
  A sky beast (D:7)
  An orc warrior (D:6)
  2 slaves (D:5)
  A black bear (D:6)
  2 ogres (D:7)
  A phantom (D:5)
  3 centaurs
  2 big kobolds (Sewer)
  A bullfrog (D:6)
  3 scorpions
  A water moccasin skeleton (D:6)
  5 wights (D:7)
  A crimson imp (D:7)
  3 hounds
  2 jellies (D:5)
  An orc priest (D:4)
  3 orc wizards
  Terence (D:2)
  A worker ant (D:2)
  A hound zombie (D:6)
  A hound skeleton (D:7)
  2 mummies (Ossuary)
  A howler monkey zombie (D:6)
  A worker ant zombie (D:6)
  14 adders
  A river rat (D:4)
  3 oozes
  An adder zombie (D:5)
  An adder skeleton (D:4)
  7 worms
  A dart slug (D:5)
  5 leopard geckos
  19 orcs
  7 giant cockroaches
  A gnoll zombie (Ossuary)
  9 goblins
  9 hobgoblins
  9 jackals
  6 quokkas
  8 ball pythons
  11 bats
  3 frilled lizards
  4 gnoll skeletons (Ossuary)
  2 goblin skeletons (Ossuary)
  2 goblin zombies (Ossuary)
  2 hobgoblin skeletons (Ossuary)
  2 hobgoblin zombies (Ossuary)
  14 kobolds
  4 kobold zombies (Ossuary)
  A leopard gecko zombie (D:7)
  2 orc skeletons (Ossuary)
  2 orc zombies (Ossuary)
  12 rats
  2 rat zombies (Ossuary)
207 creatures vanquished.

Vanquished Creatures (others)
  A mummy (Ossuary)
  2 gnoll zombies (Ossuary)
  A gnoll skeleton (Ossuary)
  A goblin skeleton (Ossuary)
  2 hobgoblin skeletons (Ossuary)
  3 hobgoblin zombies (Ossuary)
  3 kobold skeletons (Ossuary)
  A kobold zombie (Ossuary)
  3 orc skeletons (Ossuary)
  An orc zombie (Ossuary)
  5 rat skeletons (Ossuary)
  5 rat zombies (Ossuary)
28 creatures vanquished.

Grand Total: 235 creatures vanquished

Notes
Turn   | Place    | Note
-------+----------+-------------------------------------------
     0 | D:1      | Jorund the Octopode Earth Elementalist began the quest for the Orb.
     0 | D:1      | Reached XP level 1. HP: 11/11 MP: 3/3
    72 | D:1      | Reached XP level 2. HP: 14/17 MP: 1/5
   255 | D:1      | Reached XP level 3. HP: 20/21 MP: 4/6
   830 | D:2      | Reached XP level 4. HP: 26/27 MP: 8/8
   897 | D:2      | Noticed Terence
   903 | D:2      | Killed Terence
  1044 | D:2      | Found an ancient bone altar of Kikubaaqudgha.
  1180 | D:2      | Reached XP level 5. HP: 31/31 MP: 7/9
  1233 | D:2      | Noticed Sigmund
  1242 | D:2      | Killed Sigmund
  1242 | D:2      | Reached skill level 5 in Earth Magic
  1242 | D:2      | Reached XP level 6. HP: 15/36 MP: 1/12
  1345 | D:2      | Found a runed door.
  1574 | D:2      | Noticed Crazy Yiuf
  1580 | D:2      | Learned a level 2 spell: Passwall
  1584 | D:2      | Learned a level 3 spell: Stone Arrow
  1964 | D:3      | Found a faded altar of an unknown god.
  2430 | D:4      | Found a glowing drain.
  2458 | Sewer    | Entered a sewer
  2619 | Sewer    | Reached XP level 7. HP: 41/41 MP: 12/14
  2798 | Sewer    | Reached skill level 5 in Spellcasting
  3207 | D:4      | Found a shadowy altar of Dithmenos.
  3211 | D:4      | Found a snail-covered altar of Cheibriados.
  3336 | D:4      | Found a shattered altar of Ashenzari.
  3336 | D:4      | Found a sacrificial altar of Ru.
  3337 | D:4      | Found a deep blue altar of Sif Muna.
  3712 | D:5      | Entered Level 5 of the Dungeon
  3815 | D:5      | Found an opulent altar of Gozag.
  3860 | D:5      | Noticed Pikel
  3988 | D:5      | Reached XP level 8. HP: 46/46 MP: 11/17
  4402 | D:6      | Found a sand-covered staircase.
  4411 | Ossuary  | Entered an ossuary
  4841 | Ossuary  | Noticed Menkaure
  4844 | Ossuary  | Killed Menkaure
  5002 | D:6      | Learned a level 5 spell: Lee's Rapid Deconstruction
  5007 | D:6      | Learned a level 4 spell: Petrify
  5008 | D:6      | Found a runed door.
  5009 | D:6      | Noticed Futsog's ghost (novice OpFE)
  5192 | D:6      | Reached XP level 9. HP: 51/51 MP: 17/20
  5768 | D:7      | Found a stormy altar of Qazlal.
  6086 | D:7      | Noticed Harold
  6712 | D:7      | Reached skill level 1 in Conjurations
  6734 | D:7      | Found a staircase to the Ecumenical Temple.
  6799 | Temple   | Entered the Ecumenical Temple
  6859 | Temple   | Became a worshipper of Vehumet
  7028 | D:7      | Killed from afar by Harold

Skill      XL: |  1  2  3  4  5  6  7  8  9 |
---------------+----------------------------+-----
Earth Magic    | 4 5 6 8 |  8.9
Spellcasting   | 3 4 6 7 8 |  8.5
Conjurations   | 1 |  1.0
Short Blades   | |  0.4
Dodging        | |  2.0
Stealth        | |  2.6
Transmutations | |  1.0
Evocations     | |  0.1

Action                   |  1- 3 |  4- 6 |  7- 9 || total
-------------------------+-------+-------+-------++-------
Melee: Unarmed           |     3 |       |       ||     3
       Constrict         |    11 |    19 |    18 ||    48
       Short sword       |    53 |    68 |       ||   121
       Tentacles         |     8 |     8 |     6 ||    22
       Trident           |       |       |    76 ||    76
       Staff             |       |       |     1 ||     1
 Cast: Sandblast         |    24 |    59 |   133 ||   216
       Stone Arrow       |       |       |    10 ||    10
       Lee's Rapid Decon |       |       |     4 ||     4
       Petrify           |       |       |     1 ||     1
Evoke: Wand              |       |       |     4 ||     4
  Use: Scroll            |       |     9 |    15 ||    24
       Potion            |       |       |     1 ||     1
 Stab: Sleeping          |     6 |     7 |     7 ||    20
  Eat: Chunk             |       |     6 |     8 ||    14
       Ration            |       |       |     2 ||     2
Armor: Skin              |    13 |    13 |     2 ||    28
Dodge: Dodged            |    49 |    66 |    63 ||   178
